 Dungeon Crawl Stone Soup version 0.17.1-3-g152610e (webtiles) character file.

123 GFox the Stinger (level 4, -4/24 HPs)
             Began as a Deep Elf Venom Mage on Feb 27, 2016.
             Slain by Eustachio
             ... wielding a +1 falchion of protection
              (8 damage)
             ... on level 4 of the Dungeon.
             The game lasted 01:02:59 (4541 turns).

GFox the Stinger (Deep Elf Venom Mage)              Turns: 4541, Time: 01:02:59

Health: -4/24      AC:  4    Str:  5    XL:     4   Next: 79%
Magic:  3/12       EV:  7    Int: 21    God:
Gold:   217        SH:  5    Dex: 15    Spells: 3 memorised, 4 levels left

rFire  . . .     SeeInvis .     h - +0 short sword (freeze)
rCold  . . .     Clarity  .     u - +0 robe
rNeg   . . .     SustAt   .     k - +2 buckler
rPois  +         Gourm    .     (no helmet)
rElec  .         Spirit   .     n - +0 cloak
rCorr  .         Warding  .     (no gloves)
rMut   .         Stasis   .     e - +0 pair of boots
MR     +....                    (no amulet)
Stlth  ++........               r - ring of protection from magic
                                d - ring of poison resistance

@: flying, somewhat resistant to hostile enchantments, unstealthy
A: no striking features
a: no special abilities


You were on level 4 of the Dungeon.
You were not hungry.

You visited 1 branch of the dungeon, and saw 4 of its levels.

You collected 217 gold pieces.

Inventory:

Hand Weapons
 h - a +0 short sword of freezing (weapon)
Missiles
 j - 5 tomahawks (quivered)
 l - 16 poisoned needles
 p - 22 arrows
Armour
 a - a +1 hat
 e - a +0 pair of boots (worn)
 k - a +2 buckler (worn)
 n - a +0 cloak (worn)
 u - a +0 robe (worn)
Jewellery
 d - a ring of poison resistance (left hand)
 r - a ring of protection from magic (right hand)
Scrolls
 g - 2 scrolls of identify
Books
 b - a Young Poisoner's Handbook

   Spells                             Type                      Level
   a - Sting                          Conjuration/Poison           1
   b - Cure Poison                    Poison                       2
   c - Mephitic Cloud                 Conjuration/Poison/Air       3
   d - Olgreb's Toxic Radiance        Poison                       4
   e - Venom Bolt                     Conjuration/Poison           5
Comestibles
 c - 2 bread rations
 f - 2 meat rations


   Skills:
 + Level 0.4 Fighting
 + Level 2.9 Dodging
 + Level 3.0 Stealth
 + Level 4.4 Spellcasting
 + Level 1.9 Conjurations
 + Level 5.2 Poison Magic


You had 4 spell levels left.
You knew the following spells:

 Your Spells              Type           Power        Failure   Level  Hunger
a - Sting                 Conj/Pois      ###.         6%          1    None
b - Cure Poison           Pois           ####......   4%          2    #......
c - Olgreb's Toxic Radia  Pois           ####....     24%         4    ####...


Dungeon Overview and Level Annotations

Branches:
Dungeon (4/15)
 Temple: D:4-7

Altars:

Annotations:
D:3 Kjelldor's ghost, amateur DrTm
D:4 Eustachio


Message History

Casting: Sting
Confirm with . or Enter, or press ? or * to list all spells.
Aiming: Sting
Press: ? - help, Shift-Dir - straight line, f - crimson imp, p - Eustachio
Aim: a crimson imp (summoned)
The sting hits the crimson imp.
The crimson imp is lightly wounded.
Eustachio hits you with a falchion of protection!
The crimson imp blinks!
Casting: Sting
Confirm with . or Enter, or press ? or * to list all spells.
Aiming: Sting
Press: ? - help, Shift-Dir - straight line, f/p - crimson imp
Aim: a crimson imp (summoned)
The sting hits the crimson imp.
The crimson imp is lightly wounded.
Eustachio hits you with a falchion of protection.
* * * LOW HITPOINT WARNING * * *
Eustachio hits you with a falchion of protection!
You die...

### ####
##.##
...##...##
#.[.....##
#.......#
#...5...#
#.......#
#..@5.#
##..@##
##.## #.#
..# ...
... ....


You could see Eustachio and 2 crimson imps.

Vanquished Creatures
  3 adders
  An ooze (D:3)
  3 worms
  6 orcs (D:3)
  5 bats
  4 giant cockroaches
  7 goblins
  10 hobgoblins
  8 jackals
  10 kobolds
  A quokka (D:3)
  3 ball pythons
  5 giant newts
  11 rats
77 creatures vanquished.

Notes
Turn   | Place    | Note
--------------------------------------------------------------
     0 | D:1      | GFox the Deep Elf Venom Mage began the quest for the Orb.
     0 | D:1      | Reached XP level 1. HP: 10/10 MP: 6/6
   506 | D:1      | Reached XP level 2. HP: 15/15 MP: 5/8
  1475 | D:2      | Reached XP level 3. HP: 6/19 MP: 7/10
  1504 | D:2      | Learned a level 2 spell: Cure Poison
  1591 | D:2      | Reached skill level 5 in Poison Magic
  2419 | D:2      | Reached skill level 1 in Conjurations
  2472 | D:2      | Reached XP level 4. HP: 24/24 MP: 7/12
  3088 | D:3      | Learned a level 4 spell: Olgreb's Toxic Radiance
  3800 | D:3      | Noticed Kjelldor's ghost (amateur DrTm)
  4529 | D:4      | Noticed Eustachio
  4541 | D:4      | Slain by Eustachio

Action                   |  1- 3 |  4- 6 || total
-------------------------+-------+-------++-------
Melee: Dagger            |    15 |       ||    15
       Short sword       |       |    17 ||    17
 Cast: Sting             |    98 |    77 ||   175
       Cure Poison       |     1 |       ||     1
  Use: Scroll            |     5 |     6 ||    11
       Potion            |     2 |     4 ||     6
  Eat: Chunk             |     5 |     4 ||     9
       Beef jerky        |       |     1 ||     1
